Map: Nightscape LE

Players

MattBarry

  • Race: Terran Terran
  • League: Gold
  • Spawn Location: 1:00

MattBarry

  • Race: Zerg Zerg
  • League: Silver
  • Spawn Location: 1:00

PinkPoptart - Winner!

  • Race: Terran Terran
  • League: Bronze
  • Spawn Location: 7:00

TheProfessor - Winner!

  • Race: Protoss Protoss
  • League: Diamond
  • Spawn Location: 7:00

VOD

Have the link to the VOD?

Description

Time

  • Played on: Jan. 19, 2023, 10:57 p.m.
  • Length: 29:24
Show
View Real Time Build Order
Export as new Build Order

MattBarry Terran 

Build Orders: Reaper Expand 

Get SALT Encoding   

  12  0:00  SCV  
  13  0:12  SCV  
  14  0:17  Supply Depot  
  14  0:25  SCV  
  15  0:39  Barracks, SCV  
  16  0:46  Refinery  
  16  0:51  SCV  
  17  1:03  SCV  
  18  1:15  SCV  
  19  1:28  Orbital Command  
  19  1:30  Reaper  
  20  1:38  Supply Depot  
  20  1:48  Command Center  
  20  1:54  SCV  
  21  2:02  Barracks Reactor  
  21  2:06  SCV  
  22  2:18  SCV  
  22  2:22  Supply Depot, Refinery  
  23  2:25  Factory  
  23  2:30  SCV  
  24  2:39  Marine x2  
  24  2:42  SCV  
  27  2:54  SCV  
  27  2:57  Marine x2  
  30  3:05  Barracks  
  30  3:07  Barracks  
  30  3:08  SCV  
  30  3:09  Orbital Command  
  31  3:20  Factory Tech Lab  
  31  3:23  Marine x2  
  33  3:43  SCV  
  33  3:47  Siege Tank  
  37  3:51  Starport  
  37  3:52  SCV  
  38  3:55  SCV  
  38  3:59  Engineering Bay  
  38  4:01  Barracks Tech Lab  
  38  4:02  Barracks Tech Lab, Engineering Bay  
  39  4:04  SCV  
  39  4:07  SCV  
  41  4:11  Marine x2  
  41  4:17  SCV  
  44  4:20  Supply Depot, SCV  
  44  4:21  Supply Depot  
  44  4:24  Siege Tank  
  48  4:31  SCV  
  49  4:32  SCV  
  49  4:33  Starport Reactor  
  49  4:35  Stimpack  
  50  4:42  Marine x2  
  50  4:43  Marine, SCV  
  50  4:44  SCV  
  55  4:46  Combat Shield  
  55  4:53  Refinery  
  55  4:55  SCV, Refinery  
  55  4:56  SCV  
  57  5:08  SCV x2  
  57  5:13  Marine x2, Marauder x2  
  65  5:20  Supply Depot, SCV  
  66  5:21  Terran Infantry Weapons Level 1  
  66  5:22  Supply Depot  
  66  5:23  Supply Depot  
  66  5:31  Marine x2  
  66  5:34  Marine x2  
  70  5:37  Terran Infantry Armor Level 1  
  70  5:42  Medivac  
  72  5:44  Missile Turret  
  72  5:46  Missile Turret  
  72  5:49  Marine x2  
  74  5:51  Marine  
  74  5:52  Marine  
  76  6:01  Supply Depot, SCV x2  
  76  6:02  Supply Depot  
  76  6:04  Medivac  
  80  6:07  Siege Tank  
  83  6:12  Marine x4  
  83  6:15  Medivac  
  89  6:26  SCV x2  
  89  6:30  Supply Depot  
  91  6:35  Armory  
  91  6:38  SCV x2  
  93  6:45  Medivac  
  93  6:46  Marine x2  
  97  6:47  Marauder x2  
  97  6:50  SCV x2  
  102  7:02  SCV x2  
  102  7:28  Marine x3  
  102  7:29  Marauder, Medivac x2  
  103  7:32  SCV x2  
  105  7:37  Command Center  
  105  7:38  Barracks  
  105  7:41  Barracks  
  105  7:44  SCV x2  
  105  7:48  Terran Infantry Weapons Level 2  
  105  7:49  Terran Infantry Armor Level 2  
  105  7:50  Supply Depot x2  
  107  7:52  Marine x2  
  107  7:53  Marauder x2  
  113  8:02  Supply Depot  
  113  8:04  Viking  
  115  8:06  Viking  
  117  8:31  SCV x2  
  119  8:34  Marine x2, Medivac  
  119  8:35  Marauder x2  
  119  8:36  Barracks Tech Lab, Barracks Reactor, Medivac  
  119  8:40  Siege Tank  
  121  9:37  Marine x4  
  122  9:38  Marauder x3  
  122  10:06  Medivac x2  
  126  10:07  Marine x4  
  126  10:08  Marauder x3  
  126  10:10  Terran Infantry Armor Level 3, Terran Infantry Weapons Level 3  
  136  10:21  Orbital Command  
  136  10:34  Marine x4  
  140  10:36  Marauder x3  
  146  10:49  Medivac x2  
  150  10:52  Marine x4  
  150  10:56  Ghost Academy, Command Center  
  154  10:57  Marauder x3  
  154  10:59  Refinery  
  154  11:01  SCV, Refinery  
  154  11:02  SCV  
  162  11:05  Concussive Shells  
  162  11:11  Marine x3  
  164  11:17  Marine  
  168  11:18  Marauder  
  168  11:19  Marauder x2  
  168  11:21  Supply Depot  
  168  11:22  Supply Depot  
  168  11:23  Supply Depot  
  172  11:32  Marine x3  
  175  11:34  Medivac x2  
  181  11:40  Marauder x3  
  186  11:54  SCV x3  
  186  12:00  Marine  
  186  12:01  Marine x3  
  191  12:02  Marauder x3  
  191  12:04  Medivac  
  152  12:49  Ghost x3  
  152  12:50  Marine x3  
  152  12:51  Marine  
  145  13:08  Marine x4  
  145  13:12  Medivac x2  
  152  13:14  Orbital Command  
  152  13:16  SCV x3  
  152  13:18  Marauder x3  
  161  13:24  Personal Cloaking  
  161  13:26  Marine x4  
  165  13:28  SCV x3  
  165  13:30  Siege Tank  
  171  13:39  Marauder  
  171  13:40  Marauder x2  
  177  13:42  Medivac x2  
  177  13:44  Marine x4  
  185  14:00  Marine x2  
  185  14:01  Marine, Marauder  
  185  14:02  Marine x3, Siege Tank  
  196  14:06  Refinery  
  196  14:07  Refinery  
  196  14:11  Liberator  
  199  14:17  Command Center  
  199  14:19  Marine  
  200  14:50  Nuke  
  200  15:17  Terran Vehicle Weapons Level 1  
  200  15:32  Enhanced Shockwaves  
  199  16:06  Marine  
  199  16:11  Refinery x2  
  144  17:11  Marine x4  
  144  17:13  Marauder x3  
  121  17:29  Marine x4  
  121  17:34  Marauder x3  
  124  17:55  Marauder  
  121  18:02  Ghost x2  
  121  18:05  Marine x4  
  118  18:16  Ghost  
  119  18:23  Marine  
  120  18:31  Ghost x2  
  121  18:43  Orbital Command  
  121  18:45  SCV x4  
  121  18:47  Marine x3  
  113  18:54  Marine, Marauder  
  109  18:57  SCV x3  
  109  19:00  Marauder x2  
  116  19:05  Marine x3  
  119  19:12  Marine  
  119  19:13  Medivac x2  
  119  19:15  Marauder  
  125  19:19  Command Center  
  125  19:21  Marine x2  
  125  19:22  Marine  
  127  19:28  Command Center  
  127  19:29  Command Center  
  127  19:30  Command Center  
  127  19:32  Marine x3  
  127  19:36  Marauder  
  132  19:39  Marauder  
  132  19:40  Marauder  
  132  19:43  Medivac x2  
  135  19:58  Marauder  
  134  20:01  Marauder x2  
  134  20:02  Command Center  
  134  20:06  Marine x4  
  140  20:13  Medivac x2  
  144  20:19  Marauder  
  146  20:22  Marauder x2  
  128  20:46  Marine x3  
  128  20:47  Marine, Marauder x3  
  128  20:48  Viking x2  
  129  21:03  Marine  
  126  21:04  Marine x2  
  126  21:05  Marine  
  126  21:07  Marine  
  126  21:08  Marine x2  
  125  21:18  Viking x2  
  125  21:22  Marine x2  
  127  21:38  Terran Ship Weapons Level 1  
  126  21:48  Viking x2  
  130  22:09  Marine x4  
  130  22:11  Marauder x3  
  140  22:16  Nuke  
  140  22:18  Viking x2  
  144  22:31  Ghost x2, Refinery  
  144  22:32  Ghost  
  144  22:34  Orbital Command  
  144  22:35  Refinery  
  150  22:38  Marine x4  
  154  22:48  Viking x2  
  158  22:55  Marine x2  
  158  22:56  Marine x2  
  162  23:00  Marine x3  
  155  23:13  Marine  
  155  23:16  Missile Turret  
  143  23:51  Marine x4  
  143  23:52  Marine x3  
  143  23:53  Viking x2  
  148  24:14  Marine x4  
  148  24:15  Marauder  
  148  24:16  Marauder x2  
  113  24:32  Marine x4  
  113  24:33  Viking x2  
  113  24:37  Marauder x3  
  100  24:49  Marine  
  100  24:50  Marine  
  102  24:55  Marine x2  
  102  24:58  Marauder x3  
  110  25:03  Viking x2  
  114  25:07  Marine  
  114  25:12  Missile Turret  
  113  25:19  Marine  
  113  25:20  Marine x3, Marauder x2  
  121  25:28  Command Center  
  121  25:33  Viking x2  
  125  25:38  Marauder  
  125  25:41  Marauder x2  
  131  26:00  Marauder  
  131  26:01  Ghost  
  131  26:02  Ghost  
  131  26:03  Medivac  
  139  26:18  Marine x3  
  141  26:19  Marine  
  141  26:20  Ghost  
  145  26:31  Marauder x2  
  140  27:03  Marine  
  140  27:04  Marine x3  
  142  27:24  Marine x4  
  125  28:15  Marine x4  
  125  28:16  Marauder x3  
  94  28:32  Marine x2  
  94  28:33  Marine x2  
  98  28:38  Marauder  
  100  29:01  Marine  
  100  29:02  Marine x3  
Show
View Real Time Build Order
Export as new Build Order

MattBarry Zerg 

Build Orders: Pool First 

Get SALT Encoding   

  12  0:00  Drone  
  13  0:08  Drone  
  14  0:16  Extractor  
  14  0:17  Drone  
  14  0:24  Extractor  
  14  0:26  Overlord  
  14  0:47  Spawning Pool, Drone  
  14  0:58  Drone  
  14  0:59  Drone  
  14  1:02  Drone  
  17  1:39  Queen  
  19  1:42  Zergling x6  
  19  1:43  Metabolic Boost  
  22  1:55  Overlord  
  22  1:59  Extractor  
  22  2:01  Evolution Chamber  
  20  2:06  Overlord  
  21  2:10  Extractor  
  21  2:15  Zergling x2  
  21  2:32  Zergling x2  
  22  2:38  Zerg Melee Weapons Level 1  
  22  2:54  Drone  
  22  2:55  Drone x2  
  25  2:59  Hatchery  
  24  3:11  Drone x2  
  22  3:42  Zergling x8  
  25  3:56  Drone  
  25  4:02  Drone  
  27  4:07  Roach Warren  
  27  4:08  Lair  
  26  4:13  Evolution Chamber  
  25  4:21  Overlord x2  
  25  4:26  Queen  
  27  4:45  Drone x2  
  28  4:46  Drone x5  
  28  4:47  Drone  
  36  5:00  Zergling x6  
  38  5:13  Drone  
  40  5:14  Glial Reconstitution, Drone x2  
  41  5:24  Queen  
  43  5:30  Zergling x2  
  43  5:31  Zergling x8  
  43  5:33  Spore Crawler  
  47  5:36  Spore Crawler  
  47  5:40  Spore Crawler  
  45  5:43  Spore Crawler  
  45  5:48  Spore Crawler  
  43  5:53  Queen  
  45  6:16  Drone x4  
  45  6:17  Drone, Overlord x2  
  50  6:32  Evolution Chamber  
  49  6:38  Nydus Network  
  48  6:41  Drone x2  
  48  6:42  Roach x2  
  48  6:43  Roach  
  55  7:15  Drone x3  
  57  7:22  Hydralisk Den  
  56  7:36  Zerg Missile Weapons Level 1  
  56  7:42  Drone  
  56  7:43  Drone  
  56  7:44  Infestation Pit, Overlord x2  
  58  7:47  Zerg Ground Armor Level 1  
  57  8:03  Spine Crawler  
  56  8:22  Grooved Spines  
  56  8:32  Extractor  
  55  8:34  Extractor  
  54  8:47  Hatchery  
  53  8:52  Hydralisk x2  
  53  8:55  Zergling x6, Extractor  
  58  8:56  Zergling x6, Extractor  
  61  9:06  Hydralisk  
  61  9:08  Zergling x6  
  61  9:09  Zergling x16  
  67  9:23  Roach  
  69  9:34  Muscular Augments  
  66  9:43  Overlord x2  
  66  9:50  Hydralisk x4  
  72  9:53  Overlord  
  72  10:14  Hatchery  
  57  10:22  Hatchery  
  45  10:33  Spire  
  40  10:54  Zergling x8  
  44  11:06  Drone x4  
  48  11:20  Drone  
  48  11:21  Drone x4  
  48  11:25  Burrow  
  53  11:32  Hatchery  
  52  11:36  Drone  
  52  11:37  Queen  
  55  11:41  Drone x2  
  55  11:42  Queen  
  55  11:46  Corruptor  
  61  12:00  Drone x5  
  61  12:01  Drone  
  67  12:13  Queen  
  69  12:21  Corruptor  
  69  12:22  Corruptor  
  73  12:36  Hive  
  71  12:46  Hydralisk  
  71  12:47  Hydralisk x3  
  71  12:50  Zergling x2  
  80  13:17  Corruptor x4  
  88  13:46  Corruptor x2  
  88  13:47  Corruptor x2  
  96  13:50  Greater Spire  
  96  13:57  Zergling x2  
  97  14:14  Overlord x2  
  97  14:15  Overlord  
  97  14:34  Drone  
  97  14:35  Drone x14  
  112  14:51  Extractor  
  111  14:58  Extractor  
  111  14:59  Extractor  
  109  15:02  Brood Lord  
  109  15:03  Brood Lord x3  
  109  15:04  Brood Lord  
  109  15:06  Brood Lord x3  
  129  15:07  Brood Lord x3  
  129  15:10  Corruptor x2  
  129  15:11  Corruptor x3  
  129  15:12  Corruptor  
  143  15:38  Drone  
  143  15:39  Drone x5  
  143  15:40  Overlord x3  
  149  16:14  Corruptor x4  
  149  16:15  Corruptor x3  
  149  16:16  Roach x2  
  162  16:38  Corruptor  
  162  16:39  Corruptor x6  
  155  16:50  Corruptor x3  
  139  17:16  Corruptor x4  
  139  17:17  Corruptor x2  
  145  17:30  Corruptor  
  145  17:31  Corruptor x2  
  151  18:00  Corruptor x2  
  151  18:01  Corruptor x3  
  123  18:41  Overseer x3  
  123  18:42  Corruptor  
  123  18:43  Corruptor x5  
  135  19:06  Brood Lord x2  
  139  19:16  Drone x4  
  143  19:18  Brood Lord  
  143  19:19  Brood Lord x4, Overlord  
  153  20:01  Brood Lord  
  153  20:02  Brood Lord x6  
  167  20:27  Drone x2, Overlord x2  
  167  20:28  Drone  
  148  20:47  Corruptor x2  
  148  20:48  Corruptor x3  
  148  20:49  Corruptor  
  112  21:08  Zerg Flyer Weapons Level 1  
  112  21:15  Corruptor  
  112  21:16  Corruptor x5  
  124  21:33  Corruptor x3, Infestor, Drone  
  117  21:54  Zergling x2  
  117  21:55  Zergling x22  
  129  22:02  Spore Crawler  
  129  22:05  Spore Crawler  
  127  22:10  Brood Lord  
  122  22:44  Brood Lord x2  
  122  22:45  Brood Lord  
  122  22:47  Pneumatized Carapace  
  126  23:18  Hatchery  
  104  23:48  Corruptor x2  
  104  23:49  Corruptor x2  
  104  23:57  Hydralisk x4  
  108  24:20  Brood Lord x3  
  114  24:25  Hydralisk  
  116  24:39  Drone x3  
  116  24:40  Drone x3  
  116  25:31  Corruptor x3  
  116  25:32  Corruptor x4  
  106  25:56  Hydralisk  
  104  25:57  Hydralisk x11  
  81  26:40  Hydralisk x8  
  52  26:55  Drone  
  52  26:59  Zergling x2  
  52  27:00  Zergling x10  
  35  27:21  Drone  
  35  27:22  Zergling x2, Drone  
  38  27:23  Zergling x4  
  40  27:43  Zergling x8  
  9  28:27  Zergling x2  
Show
View Real Time Build Order
Export as new Build Order

PinkPoptart Terran - Winner!

Build Orders:  

Get SALT Encoding   

  12  0:09  Supply Depot  
  12  0:23  SCV  
  13  0:36  SCV  
  13  0:37  Barracks  
  14  0:44  Refinery  
  14  0:51  Refinery  
  14  0:52  SCV  
  15  1:19  SCV  
  16  1:42  Marine  
  17  1:54  Orbital Command  
  17  2:00  Marine  
  18  2:05  Factory  
  18  2:18  Marine  
  19  2:29  SCV  
  20  2:36  Marine  
  21  2:41  SCV  
  22  2:50  Factory Tech Lab  
  22  2:53  SCV  
  23  3:06  Supply Depot  
  23  3:28  SCV, Siege Tank  
  23  3:30  Barracks Reactor  
  27  3:40  SCV  
  28  3:56  Supply Depot  
  28  4:21  Supply Depot  
  28  4:31  Siege Tank  
  28  4:34  Mag-Field Accelerator  
  31  4:42  Marine  
  31  4:43  Marine  
  33  4:47  SCV  
  34  4:55  Supply Depot  
  35  5:00  Marine x2, SCV  
  35  5:03  Cyclone  
  40  5:08  Starport  
  40  5:12  SCV  
  41  5:18  Marine x2  
  43  5:24  SCV  
  44  5:36  Marine x2, SCV, Hellion  
  49  5:49  Starport Tech Lab  
  49  5:54  Marine x2  
  49  5:56  Supply Depot  
  51  5:57  Widow Mine  
  51  6:00  SCV  
  54  6:11  Marine  
  54  6:17  SCV  
  56  6:18  Cyclone  
  56  6:21  Supply Depot  
  56  6:24  Cloaking Field  
  59  6:28  Viking  
  59  6:29  SCV  
  62  6:41  SCV  
  62  6:43  Supply Depot  
  63  6:50  Cyclone  
  63  6:53  SCV  
  66  6:58  Viking  
  57  7:23  Cyclone  
  53  7:32  SCV  
  54  7:42  Marine x2  
  54  7:44  Hyperflight Rotors, SCV, Viking  
  59  7:54  Engineering Bay  
  59  7:55  Siege Tank  
  59  7:56  SCV  
  63  8:00  Marine  
  64  8:08  SCV  
  65  8:14  Viking, Command Center  
  67  8:20  SCV  
  71  8:27  Siege Tank  
  71  8:28  Missile Turret  
  71  8:32  SCV  
  72  8:44  Viking, SCV  
  72  8:47  Marine x2  
  77  9:00  Supply Depot  
  77  9:05  Marine, Siege Tank  
  81  9:14  Viking  
  83  9:41  Marine  
  83  9:42  Marine  
  83  9:44  Siege Tank  
  88  9:59  Marine  
  89  10:00  Marine  
  89  10:03  SCV  
  91  10:12  SCV  
  92  10:15  SCV  
  93  10:24  SCV  
  93  10:27  SCV  
  92  10:36  SCV  
  92  10:39  SCV  
  94  10:51  SCV  
  95  11:03  Marine  
  95  11:04  Marine  
  96  11:08  Cyclone  
  100  11:13  Banshee  
  103  11:21  Marine  
  103  11:22  Marine  
  105  11:26  Refinery  
  105  11:29  Refinery  
  105  11:39  Marine x2  
  106  11:40  Cyclone  
  110  11:47  Missile Turret  
  110  11:56  Planetary Fortress  
  110  12:02  Supply Depot  
  110  12:06  Banshee  
  113  12:09  Missile Turret  
  113  12:12  Cyclone  
  116  12:17  Armory  
  116  12:18  Terran Infantry Armor Level 1  
  116  12:25  Marine x2  
  116  12:29  Missile Turret  
  118  12:43  Marine x2  
  120  12:49  Banshee  
  123  12:51  Missile Turret  
  123  13:01  Marine x2  
  122  13:18  Thor  
  122  13:19  Marine x2  
  130  13:32  Banshee  
  133  13:36  Marine  
  134  14:07  Marine x2, Thor  
  134  14:09  Supply Depot  
  142  14:11  Neosteel Armor  
  142  14:19  SCV  
  143  14:25  Marine x2  
  143  14:28  SCV  
  146  14:31  SCV  
  146  14:33  Supply Depot  
  146  14:34  Fusion Core  
  146  14:36  Viking  
  149  14:40  SCV  
  149  14:43  Marine x2  
  149  14:44  SCV  
  153  14:52  SCV  
  154  14:56  SCV  
  154  14:57  Supply Depot  
  155  15:04  SCV  
  155  15:06  Viking, Terran Vehicle Weapons Level 1  
  158  15:08  SCV  
  159  15:16  SCV  
  159  15:19  Supply Depot  
  160  15:28  SCV  
  161  15:36  Viking  
  161  15:41  Supply Depot  
  163  15:52  Hi-Sec Auto Tracking  
  153  16:03  Supply Depot  
  153  16:06  Banshee, Marine  
  153  16:07  Marine  
  153  16:10  Thor  
  164  16:24  Marine  
  164  16:25  Marine  
  166  16:42  Marine x2  
  168  16:49  Banshee  
  168  16:53  Thor  
  177  17:00  Marine, Terran Vehicle And Ship Armor Level 1  
  122  17:25  Marine  
  122  17:26  Marine  
  95  17:43  Marine x2  
  91  18:01  Marine x2  
  69  18:31  Marine x2  
  69  18:34  Thor  
  72  18:49  Marine x2  
  72  18:55  Terran Ship Weapons Level 1  
  74  19:07  Marine x2  
  74  19:08  Battlecruiser  
  82  19:16  Thor  
  88  19:25  Marine x2  
  90  19:42  Marine  
  90  19:43  Marine  
  92  19:59  Thor  
  96  20:00  Marine x2  
  92  20:07  Orbital Command  
  92  20:12  Viking  
  94  20:18  Marine x2  
  85  20:36  Marine x2  
  85  20:42  Thor  
  86  21:25  Thor  
  90  21:31  Marine x2  
  85  21:48  Marine  
  85  21:49  Marine  
  84  22:00  Battlecruiser  
  84  22:06  Marine x2, Refinery  
  86  22:09  Refinery  
  86  22:14  SCV  
  87  22:24  Marine x2  
  87  22:26  SCV  
  190  22:30  Weapon Refit  
  90  22:31  Terran Vehicle Weapons Level 2  
  90  22:32  Starport  
  90  22:38  SCV  
  90  22:42  Hellbat, Marine x2  
  95  22:50  SCV  
  96  23:00  Marine x2  
  96  23:03  Hellbat  
  100  23:17  Marine  
  100  23:18  Marine  
  102  23:20  SCV  
  102  23:24  Thor  
  109  23:27  Banshee  
  109  23:32  SCV  
  113  23:35  Marine x2  
  115  23:44  SCV  
  116  23:56  SCV  
  117  24:07  Siege Tank  
  117  24:08  SCV  
  121  24:10  Banshee  
  124  24:18  Marine x2  
  126  24:35  Marine  
  126  24:36  Marine  
  128  24:39  Siege Tank  
  131  24:53  Viking, Marine  
  133  25:11  Siege Tank  
  126  25:23  Banshee  
  126  25:25  Marine  
  126  25:26  Marine  
  125  25:43  Marine x2, Siege Tank  
  125  26:01  Marine x2  
  127  26:15  Siege Tank  
  130  26:19  Marine x2  
  130  26:37  Marine x2  
  128  26:48  Siege Tank  
  131  27:20  Siege Tank  
  134  27:37  Marine x2  
  136  27:52  Siege Tank  
  136  27:55  Marine x2  
  131  28:13  Marine x2  
  101  28:24  Thor  
  104  28:30  Marine  
  104  28:31  Marine  
  106  28:48  Marine x2  
  116  29:18  Command Center  
Show
View Real Time Build Order
Export as new Build Order

TheProfessor Protoss - Winner!

Build Orders: Carriers 

Get SALT Encoding   

  12  0:00  Probe  
  13  0:12  Probe  
  14  0:18  Pylon  
  14  0:24  Probe  
  15  0:37  Gateway  
  15  0:38  Probe (Chrono Boost)  
  16  0:49  Probe (Chrono Boost)  
  17  0:50  Assimilator  
  17  0:54  Probe (Chrono Boost)  
  18  1:06  Probe  
  19  1:18  Probe  
  20  1:27  Cybernetics Core  
  20  1:30  Probe  
  21  1:35  Pylon  
  21  1:42  Probe  
  22  1:55  Probe  
  22  1:57  Gateway  
  23  2:04  Assimilator  
  23  2:07  Stalker (Chrono Boost), Probe  
  24  2:11  Warp Gate  
  25  2:18  Shield Battery  
  25  2:19  Probe  
  26  2:25  Shield Battery  
  26  2:31  Probe  
  26  2:32  Stalker  
  29  2:45  Adept  
  29  2:49  Pylon  
  31  3:07  Probe  
  31  3:11  Adept  
  34  3:19  Nexus  
  34  3:22  Pylon  
  34  3:26  Stargate  
  34  3:28  Probe  
  35  3:40  Probe  
  35  3:52  Probe  
  36  4:00  Adept x2  
  40  4:04  Probe  
  40  4:07  Shield Battery  
  42  4:17  Probe  
  42  4:21  Void Ray (Chrono Boost)  
  46  4:29  Probe (Chrono Boost)  
  47  4:36  Pylon, Probe (Chrono Boost)  
  48  4:40  Pylon  
  48  4:42  Probe (Chrono Boost)  
  49  4:47  Probe (Chrono Boost)  
  49  4:50  Stalker, Probe (Chrono Boost)  
  49  4:51  Sentry  
  49  4:52  Probe (Chrono Boost)  
  55  4:55  Probe  
  57  5:02  Probe  
  57  5:03  Shield Battery  
  58  5:07  Probe  
  59  5:14  Probe  
  59  5:19  Probe  
  61  5:22  Nexus  
  61  5:25  Pylon  
  61  5:33  Probe x2  
  63  5:37  Assimilator  
  63  5:41  Assimilator  
  63  5:43  Forge  
  63  5:46  Twilight Council  
  63  5:47  Probe x2  
  65  5:59  Probe x2  
  67  6:09  Gateway  
  67  6:10  Blink (Chrono Boost)  
  67  6:11  Probe  
  67  6:12  Gateway  
  67  6:16  Gateway  
  68  6:21  Gateway, Probe  
  68  6:23  Protoss Ground Weapons Level 1 (Chrono Boost), Probe  
  70  6:33  Probe (Chrono Boost)  
  70  6:37  Forge  
  73  6:42  Assimilator  
  73  6:43  Probe x2 (Chrono Boost)  
  73  6:45  Assimilator, Probe (Chrono Boost)  
  74  6:52  Probe (Chrono Boost)  
  74  6:53  Probe x2 (Chrono Boost)  
  77  6:59  Probe  
  78  7:03  Probe  
  79  7:12  Probe x2  
  79  7:15  Protoss Ground Armor Level 1 (Chrono Boost)  
  81  7:43  Sentry x2  
  81  7:44  Zealot x3  
  91  7:51  Robotics Facility  
  91  7:53  Probe x3  
  91  7:56  Robotics Facility  
  94  8:00  Pylon, Nexus  
  94  8:01  Templar Archives  
  94  8:03  Gateway, Pylon  
  94  8:04  Gateway  
  94  8:06  Gateway  
  94  8:07  Pylon  
  94  8:08  Charge (Chrono Boost), Pylon  
  94  8:09  Pylon  
  94  8:13  Protoss Ground Weapons Level 2 (Chrono Boost), Zealot x3  
  100  8:21  Assimilator  
  100  8:25  Assimilator  
  100  8:27  Photon Cannon  
  100  8:30  Shield Battery  
  100  8:31  Zealot x2  
  100  8:32  Photon Cannon, Zealot  
  106  8:34  Photon Cannon  
  106  8:39  Observer (Chrono Boost)  
  106  8:40  Immortal (Chrono Boost)  
  107  8:46  Probe x3  
  114  8:57  Observer (Chrono Boost)  
  114  8:58  Probe  
  115  9:03  Stalker x4  
  115  9:04  Stalker  
  124  9:12  Immortal  
  122  9:27  Stalker x5  
  129  9:40  Protoss Ground Armor Level 2 (Chrono Boost)  
  113  9:56  Photon Cannon  
  113  9:59  Probe x3  
  116  10:00  Psionic Storm  
  116  10:05  Photon Cannon  
  116  10:07  Photon Cannon  
  116  10:08  Shield Battery  
  116  10:11  Robotics Bay  
  116  10:12  High Templar x4  
  116  10:13  High Templar x2  
  128  10:21  Archon x3  
  128  10:26  Shield Battery  
  126  10:29  Photon Cannon  
  126  10:30  Photon Cannon  
  126  10:31  Probe x4  
  126  10:33  Photon Cannon  
  126  10:34  Pylon  
  130  10:38  Protoss Ground Weapons Level 3 (Chrono Boost)  
  130  10:39  High Templar x3  
  136  10:48  Colossus x2  
  136  10:51  Probe x2  
  136  10:52  Probe x2  
  140  10:57  Extended Thermal Lance (Chrono Boost)  
  152  11:10  Probe  
  153  11:16  Shield Battery, Nexus  
  153  11:19  Photon Cannon, Pylon, Probe  
  153  11:22  Probe  
  153  11:23  Pylon  
  155  11:26  Pylon  
  155  11:27  High Templar x3  
  155  11:29  Zealot  
  155  11:31  Probe  
  164  11:38  Photon Cannon  
  164  11:41  Photon Cannon  
  164  11:44  Shield Battery  
  164  11:47  Shield Battery  
  164  11:48  Probe x2  
  164  11:49  Photon Cannon, Probe x2  
  164  11:52  Photon Cannon  
  168  11:55  Protoss Shields Level 1 (Chrono Boost)  
  168  12:00  Colossus x2  
  180  12:05  High Templar x3  
  180  12:06  High Templar  
  188  12:08  Archon  
  188  12:10  Archon  
  145  12:52  Zealot x9  
  145  12:55  Archon, Observer x2  
  155  13:00  Protoss Ground Armor Level 3 (Chrono Boost)  
  155  13:03  Assimilator  
  155  13:04  Photon Cannon  
  155  13:05  Photon Cannon  
  155  13:07  Assimilator, Shield Battery  
  155  13:14  Sentry  
  155  13:16  Observer x2  
  159  13:20  Gravitic Boosters  
  159  13:25  Pylon  
  159  13:30  Stargate x2  
  159  13:33  Stargate  
  159  13:35  Stargate  
  159  13:52  High Templar x4  
  159  13:53  High Templar x2  
  179  13:56  Archon x3  
  179  14:04  Disruptor  
  179  14:05  Disruptor  
  177  14:14  Protoss Shields Level 2 (Chrono Boost)  
  177  14:16  Fleet Beacon  
  177  14:26  Cybernetics Core  
  177  14:32  Protoss Air Weapons Level 1 (Chrono Boost)  
  177  14:57  Carrier x3 (Chrono Boost)  
  195  15:11  Mothership (Chrono Boost)  
  195  15:12  Protoss Air Armor Level 1 (Chrono Boost)  
  199  15:53  Nexus  
  199  15:54  Pylon  
  199  15:58  Pylon  
  199  16:01  Pylon  
  169  16:51  Carrier x5 (Chrono Boost)  
  126  17:03  Zealot x7  
  126  17:04  Zealot x2  
  108  17:26  Protoss Shields Level 3 (Chrono Boost), Protoss Air Weapons Level 2 (Chrono Boost)  
  108  17:27  Protoss Air Armor Level 2 (Chrono Boost)  
  106  17:32  Stalker x9  
  123  17:53  Void Ray  
  123  17:54  Void Ray x4  
  123  17:55  Probe x4  
  123  17:56  Probe  
  126  18:05  Assimilator  
  126  18:08  Assimilator  
  126  18:11  Photon Cannon, High Templar x2  
  130  18:14  Photon Cannon  
  130  18:18  Photon Cannon  
  128  18:21  Photon Cannon  
  128  18:24  Photon Cannon  
  128  18:26  Photon Cannon  
  126  18:27  Shield Battery  
  126  18:29  Stalker x3  
  126  18:30  Stalker x4  
  126  18:31  Shield Battery  
  138  18:35  Shield Battery  
  138  18:36  Void Ray  
  138  18:37  Void Ray x2  
  132  18:49  High Templar x2  
  139  19:05  Void Ray  
  139  19:12  Nexus  
  139  19:14  Pylon  
  139  19:16  Dark Shrine  
  139  19:17  Pylon  
  139  19:20  Flux Vanes  
  138  19:36  High Templar x2  
  138  19:37  Sentry  
  132  19:51  Pylon  
  132  19:55  Photon Cannon x2  
  132  19:57  Mothership (Chrono Boost)  
  132  19:58  Photon Cannon  
  132  19:59  Shield Battery  
  132  20:00  Shield Battery  
  132  20:02  Photon Cannon  
  132  20:05  Photon Cannon  
  132  20:06  Observer  
  141  20:14  Observer  
  142  20:35  Archon  
  138  20:36  Archon  
  138  20:41  Assimilator  
  89  20:58  Dark Templar x5  
  97  21:11  Void Ray  
  101  21:16  Pylon  
  101  21:20  Photon Cannon  
  101  21:21  Photon Cannon  
  101  21:26  Dark Templar x3  
  101  21:29  Nexus  
  101  21:32  Pylon  
  107  21:35  Pylon  
  107  21:39  Pylon, High Templar  
  109  21:42  High Templar, Shield Battery  
  109  21:45  Photon Cannon  
  109  21:46  Photon Cannon  
  111  21:47  Photon Cannon  
  111  21:51  Stalker x4  
  119  21:59  Assimilator  
  119  22:05  Assimilator  
  119  22:06  Photon Cannon  
  119  22:09  Photon Cannon  
  119  22:10  Probe x5  
  119  22:11  Probe  
  119  22:13  Photon Cannon  
  124  22:15  Photon Cannon  
  124  22:17  Photon Cannon  
  124  22:19  High Templar  
  124  22:20  High Templar x2  
  124  22:21  Photon Cannon  
  124  22:22  Probe x2  
  132  22:23  Photon Cannon  
  132  22:25  Photon Cannon  
  132  22:26  Shield Battery  
  132  22:29  Shield Battery  
  132  22:41  Stalker x6  
  148  23:00  Void Ray  
  144  23:20  Void Ray x2  
  144  23:24  High Templar  
  144  23:25  Zealot x6  
  144  23:26  Zealot  
  160  23:48  Stalker x3  
  160  23:49  Stalker  
  168  24:03  Photon Cannon  
  168  24:04  Photon Cannon  
  168  24:07  Photon Cannon, Zealot x5  
  124  24:17  Archon x2  
  124  24:18  Archon  
  124  24:20  Observer  
  103  24:34  Dark Templar x6  
  111  24:44  Probe  
  111  24:56  Probe  
  116  25:07  Void Ray, Nexus  
  116  25:08  Probe  
  116  25:09  Pylon  
  116  25:13  Pylon  
  117  25:16  Pylon  
  115  25:34  Probe x2  
  115  25:35  Probe  
  113  25:50  Stalker  
  113  25:51  Stalker x8  
  127  26:02  Probe x4  
  127  26:03  Probe x3  
  134  26:12  Assimilator  
  134  26:14  Pylon  
  134  26:16  Photon Cannon  
  133  26:22  Photon Cannon  
  133  26:24  Dark Templar x4  
  94  26:44  Dark Templar  
  81  26:54  Zealot x2  
  81  26:55  Zealot x2  
  81  27:00  Zealot x3  
  93  27:15  Zealot x5  
  103  27:19  Pylon  
  103  27:22  Pylon  
  103  27:26  Pylon  
  103  27:33  Probe  
  102  27:41  High Templar  
  102  27:42  High Templar x2  
  108  27:45  Probe  
  109  27:52  Observer  
  109  27:57  Probe  
  111  27:59  Nexus  
  111  28:02  Photon Cannon  
  111  28:04  Photon Cannon  
  111  28:05  Probe  
  111  28:06  Photon Cannon, Probe x2  
  111  28:09  Probe  
  111  28:10  Shield Battery  
  101  28:12  Photon Cannon  
  101  28:14  Shield Battery  
  101  28:18  Dark Templar x2  
  99  28:29  Observer  
  99  28:32  Assimilator  
  100  28:34  Zealot x5  
  100  28:35  Assimilator  
  100  28:37  Probe  
  111  28:49  Probe  
  111  28:52  High Templar x2  
  116  29:10  Photon Cannon  
  116  29:12  Photon Cannon  
  116  29:13  Photon Cannon  
  116  29:18  Shield Battery  
  116  29:21  Photon Cannon  
Tags
 
Add a new tag
Caveats
  • Supply blocks, unpowered buildings, or Contaminate may cause inaccurate times.
  • Supply counts are checked every 10 seconds.